 Dungeon Crawl Stone Soup version 0.30-a0-135-g630cfc4551 (webtiles) character file.

Game seed: 7559951094314403045

7 IdlyInterested the Chiller (level 1, 0/16 HPs)
             Began as a Demonspawn Wanderer on Sept 20, 2022.
             Frozen to death by an endoplasm (5 damage)
             ... on level 1 of the Dungeon.
             The game lasted 00:01:13 (165 turns).

IdlyInterested the Chiller (Demonspawn Wanderer)     Turns: 165, Time: 00:01:13

Health: 0/16       AC:  3    Str:  9    XL:     1   Next: 91%
Magic:  3/3        EV: 11    Int: 17    God:
Gold:   27         SH:  0    Dex: 11    Spells: 3/4 levels left

rFire   . . .      SeeInvis .    a - +0 dagger
rCold   . . .      Faith    .    (no shield)
rNeg    . . .      Spirit   .    c - +0 robe
rPois   .          Reflect  .    d - +0 helmet
rElec   .          Harm     .    (no cloak)
rCorr   .          Rampage  .    (no gloves)
Will    .....                    (no boots)
Stlth   +.........               (no amulet)
HPRegen 0.05/turn                (no ring)
MPRegen 0.08/turn                (no ring)

@: no status effects
A: no striking features
a: no special abilities


You were on level 1 of the Dungeon.
You visited 1 branch of the dungeon, and saw 1 of its levels.

You collected 27 gold pieces.

Inventory:

Hand Weapons
 a - a +0 dagger (weapon)
Armour
 c - a +0 robe (worn)
 d - a +0 helmet (worn)
Scrolls
 b - 2 scrolls of blinking
 e - a scroll of enchant armour {unknown}


   Skills:
 * Level 1.7 Fighting
 + Level 1.2 Dodging
 - Level 1.0 Stealth
 - Level 2.0 Spellcasting
 - Level 2.6 Ice Magic
 - Level 1.7 Air Magic


You had 3 spell levels left.
You knew the following spells:

 Your Spells              Type           Power      Damage    Failure   Level
a - Freeze                Ice            40%        1d6       6%          1

Your spell library contained the following spells:

 Spells                   Type           Power      Damage    Failure   Level
 Shock                    Conj/Air       16%        1d4       14%         1
 Ozocubu's Armour         Ice            10%        N/A       19%         3
 Cigotuvi's Dreadful Rot  Necr/Pois/Air  6%         N/A       22%         2
 Airstrike                Air            3%         2d(1-17)  67%         4


Dungeon Overview and Level Annotations

Branches:
Dungeon (1/15)

Altars:


Message History

You barely miss the jackal.
The jackal is almost dead.
The jackal bites you but does no damage.
The jackal closely misses you.
You hit the jackal but do no damage.
The jackal is almost dead.
The jackal bites you.
You barely miss the jackal.
The jackal is almost dead.
The jackal barely misses you. x2
You miss the jackal.
The jackal is almost dead.
The jackal bites you but does no damage.
You hit the jackal.
You kill the jackal!
You hit the goblin.
You kill the goblin!
The endoplasm freezes you.
You are frozen.
You see here a +0 club.
You hit the endoplasm.
The endoplasm is moderately wounded.
The endoplasm misses you.
You barely miss the endoplasm.
The endoplasm is moderately wounded.
The endoplasm hits you but does no damage.
You barely miss the endoplasm.
The endoplasm is moderately wounded.
The endoplasm barely misses you.
You completely miss the endoplasm.
The endoplasm is moderately wounded.
The endoplasm barely misses you.
You hit the endoplasm but do no damage.
The endoplasm is moderately wounded.
The endoplasm barely misses you.
You hit the endoplasm but do no damage.
The endoplasm is moderately wounded.
The endoplasm freezes you.
You are frozen.
You die...

### ..# #.# ###
#.# #.. #.# #.#
######### #.# #J#
........# #.# #@#
........####.###.#
#######..........#
#.####...........
#.# ############
#.# #†# #.#####
##.....#


You could see an endoplasm.

Vanquished Creatures
  A ball python (D:1)
  A goblin (D:1)
  A hobgoblin (D:1)
  2 jackals (D:1)
  A bat (D:1)
6 creatures vanquished.

Notes
Turn   | Place    | Note
-------+----------+-------------------------------------------
     0 | D:1      | IdlyInterested the Demonspawn Wanderer began the quest for
                  | the Orb.
     0 | D:1      | IdlyInterested set off with the following items: a +0
                  | dagger, a scroll of blinking, a +0 robe, a +0 helmet; and
                  | the following spells available to memorise: Freeze, Shock,
                  | Ozocubu's Armour, Cigotuvi's Dreadful Rot, Airstrike.
     0 | D:1      | Reached XP level 1. HP: 15/15 MP: 3/3
    63 | D:1      | Learned a level 1 spell: Freeze
   165 | D:1      | Frozen to death by an endoplasm

Illustrated notes

Levels and vault maps discovered:
D:1:      wander_arrival_estate, layout_loops_ring

Action                   || total
-------------------------++-------
Melee: Dagger            ||    39
 Stab: Sleeping          ||     1
Armor: Robe              ||    13
Dodge: Dodged            ||    27

Table legend: (Time is in decaauts)
 A = Elapsed time spent in this place.
 B = Non-inter-level travel time spent in this place.
 C = Inter-level travel time spent in this place.
 D = Time resting spent in this place.
 E = Time spent auto-exploring this place.
 F = Levels seen in this place.
 G = Mean time per level.
                   A        B        C        D        E       F      G
               +--------+--------+--------+--------+--------+-----+--------+
         Total |    165 |    165 |      0 |     54 |     51 |   1 |  165.0 |
       Dungeon |    165 |    165 |      0 |     54 |     51 |   1 |  165.0 |
               +--------+--------+--------+--------+--------+-----+--------+

Top non-repeatable levels by time:
     D:1: 165 daAuts
